Map: Kairos Junction LE

Players

Namshar

  • Race: Zerg Zerg
  • League: Grandmaster
  • Spawn Location: 11:00

Lambo - Winner!

  • Race: Zerg Zerg
  • League: Grandmaster
  • Spawn Location: 5:00

VOD

Have the link to the VOD?

Description

Time

  • Played on: Jan. 12, 2019, 11:25 a.m.
  • Length: 7:27
Show
View Real Time Build Order
Export as new Build Order

Namshar Zerg 

Build Orders: Pool First 

Get SALT Encoding   

  12  0:16  Spawning Pool  
  11  0:21  Drone  
  11  0:27  Drone  
  13  0:31  Drone  
  14  0:39  Overlord  
  14  1:03  Zergling x4  
  16  1:04  Zergling x2  
  17  1:15  Zergling x2  
  17  1:18  Hatchery  
  17  1:26  Drone  
  18  1:33  Queen  
  18  1:37  Drone  
  21  1:42  Extractor  
  18  1:47  Drone  
  20  2:13  Overlord  
  20  2:20  Queen  
  21  2:30  Drone x2  
  21  2:31  Drone  
  24  2:41  Drone x4  
  24  2:42  Metabolic Boost  
  28  2:45  Drone  
  29  2:55  Zergling x2  
  26  3:09  Drone  
  26  3:10  Drone x2  
  29  3:15  Overlord, Drone x2  
  29  3:17  Drone x2  
  33  3:31  Hatchery  
  32  3:37  Zergling x6  
  32  3:39  Zergling x2  
  36  3:42  Zergling x2  
  36  3:46  Drone  
  36  3:47  Overlord  
  38  3:51  Zergling x2  
  38  3:52  Zergling x2  
  40  3:58  Queen  
  42  4:09  Drone  
  43  4:10  Roach Warren, Drone x2  
  43  4:11  Drone  
  45  4:20  Zergling x8  
  48  4:38  Drone x2  
  49  4:41  Queen  
  49  4:43  Overlord  
  49  4:45  Zergling x2  
  52  4:48  Overlord  
  52  4:50  Roach x3  
  58  5:12  Drone x10  
  58  5:14  Evolution Chamber  
  67  5:17  Overlord  
  67  5:24  Roach x2  
  71  5:30  Roach x2  
  72  5:42  Extractor  
  70  5:43  Roach x2, Extractor  
  73  5:51  Roach  
  73  5:52  Roach  
  73  5:57  Overlord  
  76  6:05  Roach, Drone  
  76  6:06  Drone x3  
  82  6:16  Overlord  
  82  6:17  Drone x4  
  82  6:18  Drone x4  
  89  6:29  Drone x5  
  89  6:34  Roach  
  89  6:37  Evolution Chamber  
  87  6:42  Roach x5  
  97  6:56  Ravager x2  
  97  6:58  Roach x2, Zergling x4  
  97  6:59  Zergling x2  
  97  7:00  Ravager  
  95  7:04  Roach x2, Zergling x4  
Show
View Real Time Build Order
Export as new Build Order

Lambo Zerg - Winner!

Build Orders: Pool First 

Get SALT Encoding   

  12  0:17  Spawning Pool  
  11  0:22  Drone  
  12  0:29  Drone  
  12  0:30  Drone  
  14  0:40  Overlord  
  14  1:04  Zergling x4  
  16  1:05  Zergling x2  
  17  1:16  Zergling x2  
  18  1:20  Hatchery  
  17  1:26  Zergling x2  
  18  1:34  Queen  
  18  1:38  Extractor  
  19  1:40  Drone  
  20  1:48  Drone  
  21  1:58  Overlord  
  21  2:13  Queen  
  21  2:14  Extractor  
  23  2:17  Drone  
  23  2:20  Drone  
  25  2:30  Drone  
  25  2:32  Drone  
  27  2:43  Metabolic Boost  
  27  2:44  Drone x2  
  27  2:46  Drone  
  30  2:54  Drone x2  
  30  2:57  Drone  
  30  3:01  Drone  
  29  3:09  Overlord  
  29  3:12  Zergling x2  
  30  3:15  Drone x2  
  30  3:16  Drone  
  33  3:33  Zergling x4  
  35  3:36  Zergling x2  
  35  3:38  Hatchery, Zergling x2  
  36  3:42  Zergling x4  
  38  3:51  Drone x3  
  38  3:52  Drone  
  42  4:01  Zergling x4  
  44  4:05  Evolution Chamber  
  44  4:06  Evolution Chamber  
  44  4:09  Evolution Chamber  
  40  4:12  Baneling Nest, Zergling x4  
  40  4:15  Zergling x4  
  43  4:24  Overlord x2  
  44  4:27  Overlord  
  44  4:31  Overlord  
  44  4:34  Overlord  
  44  4:36  Zerg Melee Weapons Level 1  
  44  4:37  Overlord  
  43  4:48  Drone x3  
  46  4:52  Hatchery  
  46  4:53  Drone  
  45  5:03  Zergling x2  
  45  5:04  Zergling x10  
  51  5:08  Zergling x2  
  51  5:09  Zergling x2  
  51  5:11  Baneling x3  
  51  5:12  Baneling  
  53  5:14  Zergling x2  
  53  5:16  Zergling x2  
  53  5:17  Zergling x2  
  56  5:22  Zergling x2  
  58  5:33  Extractor  
  58  5:35  Zergling x6  
  59  5:39  Zergling x2  
  59  5:40  Hatchery, Zergling x4  
  61  5:43  Overlord  
  61  5:46  Zergling x6  
  61  5:48  Baneling x4  
  64  5:51  Zergling x2  
  64  5:55  Zergling x2  
  66  6:01  Zergling x2  
  67  6:04  Zergling x2  
  67  6:05  Zergling x4  
  67  6:08  Zergling x2  
  71  6:14  Zergling x8  
  75  6:19  Baneling x6  
  75  6:23  Zergling x2  
  76  6:26  Zergling x2  
  76  6:30  Baneling  
  77  6:33  Baneling x2  
  77  6:34  Zergling x8  
  77  6:39  Zergling x2  
  82  6:44  Zergling x6  
  83  6:55  Zergling x6  
  83  7:00  Zergling x4  
  82  7:04  Zergling x2  
  82  7:08  Zergling x2  
Tags
 
Add a new tag
Caveats
  • Supply blocks, unpowered buildings, or Contaminate may cause inaccurate times.
  • Supply counts are checked every 10 seconds.